 Dungeon Crawl Stone Soup version 0.28.0-1-gb440e238dd (webtiles) character file.

Game seed: 9678940321840279470

97 arthad the Twirler (level 4, -6/31 HPs)
             Began as an Octopode Wanderer on Feb 20, 2022.
             Mangled by Crazy Yiuf (9 damage)
             ... on level 2 of the Dungeon.
             The game lasted 00:05:08 (3329 turns).

arthad the Twirler (Octopode Wanderer)              Turns: 3329, Time: 00:05:08

Health: -6/31      AC:  1    Str: 13    XL:     4   Next: 68%
Magic:  1/7        EV: 12    Int: 14    God:
Gold:   95         SH:  0    Dex: 11    Spells: 3/7 levels left

rFire   . . .      SeeInvis .   a - +3 quarterstaff
rCold   . . .      Faith    .   (shield currently unavailable)
rNeg    . . .      Spirit   .   (helmet restricted)
rPois   .          Reflect  .   (no amulet)
rElec   .          Harm     .   (no ring)
rCorr   .          Rampage  .   (no ring)
Will    .....                   (no ring)
Stlth   +++.......              (no ring)
HPRegen 0.10/turn               (no ring)
MPRegen 0.10/turn               (no ring)
                                (no ring)
                                (no ring)

@: attractive, very slightly contaminated
A: almost no armour, amphibious, 8 rings, camouflage 1, gelatinous body 1,
(nimble swimmer 1), tentacles, tentacle spike 1, agile 1, dopey 1
a: no special abilities


You were on level 2 of the Dungeon.
You visited 1 branch of the dungeon, and saw 2 of its levels.

You collected 95 gold pieces.

Inventory:

Hand Weapons
 a - a +3 quarterstaff (weapon)
 d - a +2 short sword of protection
 e - a +0 rapier
Missiles
 b - 130 stones
 n - 8 poisoned darts
Armour
 l - a +0 buckler
Scrolls
 c - a scroll of vulnerability {unknown}
 h - a scroll of teleportation {unknown}
 j - a scroll of amnesia {unknown}
Potions
 f - a potion of curing {unknown}
 g - a potion of invisibility {unknown}
 i - a potion of mutation
 k - a potion of attraction
 m - a potion of resistance {unknown}


   Skills:
 + Level 3.3 Fighting
 + Level 4.2 Staves
 * Level 1.0 Dodging
 + Level 2.0 Stealth
 * Level 2.1 Spellcasting
 * Level 0.2 Conjurations
 * Level 2.8 Earth Magic


You had 3 spell levels left.
You knew the following spells:

 Your Spells              Type           Power      Damage    Failure   Level
a - Sandblast             Erth           18%        2d7       8%          1
b - Stone Arrow           Conj/Erth      10%        3d7       36%         3

Your spell library contained the following spells:

 Spells                   Type           Power      Damage    Failure   Level
 Slow                     Hex            4%         N/A       24%         1
 Confusing Touch          Hex            1%         N/A       56%         3
 Vampiric Draining        Necr           1%         2d6       56%         3


Dungeon Overview and Level Annotations

Branches:
Dungeon (2/15)

Altars:

Annotations:
D:2 Crazy Yiuf


Innate Abilities, Weirdness & Mutations

You cannot wear most types of armour.
You are amphibious.
You can wear up to eight rings at the same time.
Your skin changes colour to match your surroundings (Stealth+).
Your rubbery body absorbs attacks. (AC +1, EV +1)
((You are camouflaged when in or above water. (Stealth+)))
You have tentacles for arms and can constrict up to eight enemies at once.
One of your tentacles bears a spike.
You are agile. (Dex +2)
You are dopey. (Int -2)


Message History

You see here a +0 dagger.
You see here a +0 ring mail.
You see here a +0 whip.
Crazy Yiuf shouts!
Could not explore, unopened runed door.
You open the door.
Casting: Sandblast (safe; 6% risk of failure)
Confirm with . or Enter, or press ? or * to list all spells.
The spell is quite dangerous to miscast (32% risk of failure)!
Continue anyway?
Uppercase [Y]es or [N]o only, please.
The spell is quite dangerous to miscast (32% risk of failure)!
Continue anyway?
Aiming: Stone Arrow (quite dangerous; 32% risk of failure)
Press: ? - help, Shift-Dir - straight line, f - Crazy Yiuf
Aim: Crazy Yiuf, wielding a +4 quarterstaff of chaos and wearing a +0 cloak (69% to hit)
You miscast Stone Arrow.
You are very lightly contaminated with residual magic.
You feel a strange surge of energy!
Casting: Stone Arrow (quite dangerous; 32% risk of failure)
Confirm with . or Enter, or press ? or * to list all spells.
The spell is quite dangerous to miscast (32% risk of failure)!
Continue anyway?
Aiming: Stone Arrow (quite dangerous; 32% risk of failure)
Press: ? - help, Shift-Dir - straight line, f/p - Crazy Yiuf
Aim: Crazy Yiuf, wielding a +4 quarterstaff of chaos and wearing a +0 cloak (69% to hit)
The stone arrow hits Crazy Yiuf!
Crazy Yiuf is heavily wounded.
Crazy Yiuf hits you with a +4 quarterstaff of chaos!
* * * LOW HITPOINT WARNING * * *
Crazy Yiuf freezes you.
* * * LOW HITPOINT WARNING * * *
It was a potion of mutation.
You feel extremely strange.
One of your lower tentacles grows a sharp spike.
You feel agile.
You feel stupid.
Crazy Yiuf hits you with a +4 quarterstaff of chaos.
* * * LOW HITPOINT WARNING * * *
Crazy Yiuf burns you.
* * * LOW HITPOINT WARNING * * *
It was a potion of attraction.
You feel attractive to monsters.
Crazy Yiuf hits you with a +4 quarterstaff of chaos!
You die...

#...# #....#
###########.
###.# ##..##
#...........
###.# ♣....♣
#########.#.
#...# ♣...♣♣
#########.#.
###.# ♣♣.♣♣
#.....)...#.
#...# ♣.♣♣
###########.
##..# ♣♣.♣
#. ##..#
♣.♣♣
###########.
#...# ♣♣@♣
#...........
##.## #g#
############
#.# ... #.#
#...# #.#
#..)# # #.#
##### ## #.#
##. #.####
### ##.#
#.##.#####.#
##.#.


You could see Crazy Yiuf.

Vanquished Creatures
  2 adders (D:2)
  4 worms (D:2)
  A dart slug (D:1)
  An orc (D:2)
  9 ball pythons
  5 endoplasms
  A giant cockroach (D:2)
  9 goblins
  6 hobgoblins
  A jackal (D:2)
  7 kobolds
  2 quokkas (D:1)
  5 bats
  2 frilled lizards
  4 rats
59 creatures vanquished.

Notes
Turn   | Place    | Note
-------+----------+-------------------------------------------
     0 | D:1      | arthad the Octopode Wanderer began the quest for the Orb.
     0 | D:1      | arthad set off with the following items: a +3 quarterstaff,
                  | 25 stones; and the following spell memorised: Sandblast;
                  | and the following spells available to memorise: Stone Arrow
     0 | D:1      | Reached XP level 1. HP: 16/16 MP: 2/2
   170 | D:1      | Reached XP level 2. HP: 8/21 MP: 0/3
   680 | D:1      | Reached skill level 1 in Stealth
   792 | D:1      | Reached XP level 3. HP: 26/26 MP: 5/5
  2137 | D:2      | Reached XP level 4. HP: 31/31 MP: 5/7
  2215 | D:2      | Reached skill level 1 in Dodging
  2291 | D:2      | Learned a level 3 spell: Stone Arrow
  2423 | D:2      | Found a runed translucent door.
  2424 | D:2      | Noticed Crazy Yiuf
  3328 | D:2      | Gained mutation: One of your tentacles bears a spike.
                  | [potion of mutation]
  3328 | D:2      | Gained mutation: You are agile. (Dex +2) [potion of
                  | mutation]
  3328 | D:2      | Gained mutation: You are dopey. (Int -2) [potion of
                  | mutation]
  3329 | D:2      | Mangled by Crazy Yiuf

Illustrated notes

Levels and vault maps discovered:
D:1:      dpeg_arrival_morbid_curiosity, layout_basic,
          hangedman_decor_clover_reticule
D:2:      minmay_inner_zag, layout_basic, minmay_circled_x,
          uniq_crazy_yiuf_cottage

Skill      XL: |  1  2  3  4 |
---------------+-------------+-----
Stealth        | 1 2 |  2.0
Spellcasting   | 2 |  2.1
Dodging        | 1 |  1.0
Fighting       | |  3.3
Staves         | |  4.2
Conjurations   | |  0.2
Earth Magic    | |  2.8

Action                   |  1- 3 |  4- 6 || total
-------------------------+-------+-------++-------
Melee: Quarterstaff      |    70 |    21 ||    91
       Constrict         |    12 |     6 ||    18
       Tentacles         |    11 |     6 ||    17
 Cast: Sandblast         |     4 |     5 ||     9
       Stone Arrow       |       |     1 ||     1
  Use: Potion            |       |     2 ||     2
 Stab: Sleeping          |     9 |       ||     9
Armor: Skin              |     8 |     1 ||     9
Dodge: Dodged            |    33 |    11 ||    44
